 Dungeon Crawl Stone Soup version 0.24.0-1-gfbc8707 (webtiles) character file.

Game seed: 4641301407083928010, levelgen mode: deterministic

6291 Charmandara the Tainter (level 10, -19/87 HPs)
             Began as a Naga Venom Mage on Oct 27, 2019.
             Was an Initiate of Gozag.
             Demolished by a two-headed ogre
             ... wielding a +0 giant club
              (26 damage)
             ... on level 9 of the Dungeon.
             The game lasted 00:36:20 (11502 turns).

Charmandara the Tainter (Naga Venom Mage)          Turns: 11502, Time: 00:36:20

Health: -19/87     AC:  7    Str: 12    XL:     10   Next: 94%
Magic:  9/16       EV: 10    Int: 18    God:    Gozag
Gold:   759        SH:  4    Dex: 11    Spells: 3/18 levels left

rFire    . . .     SeeInvis +   a - +4 spear (vamp) {!w}
rCold    . . .     Gourm    .   j - +0 buckler
rNeg     . . .     Faith    .   f - +0 robe
rPois    +         Spirit   .   (no helmet)
rElec    .         Reflect  .   o - +0 cloak
rCorr    .         Harm     .   n - +1 pair of gloves
MR       +....                  (no barding)
Stlth    ++++++....             (no amulet)
HPRegen  0.24/turn              B - ring of stealth {Stlth+}
MPRegen  0.15/turn              (no ring)

@: very slightly contaminated, invisible, very slow
A: large, see invisible, deformed body, poison resistance, slowness 2, slow
metabolism 1, spit poison 1, AC +3
a: Spit Poison, Potion Petition, Call Merchant, Bribe Branch, Renounce Religion


You were on level 9 of the Dungeon.
You worshipped Gozag.
Gozag was pleased with you.
You were not hungry.

You visited 2 branches of the dungeon, and saw 10 of its levels.

You collected 1180 gold pieces.
You spent 350 gold pieces at shops.
You paid 71 gold pieces to Gozag.

Inventory:

Hand Weapons
 a - a +4 vampiric spear (weapon) {!w}
   (You took it off a gnoll on level 4 of the Dungeon)
 p - a +0 trident of freezing
   (You took it off an orc on level 6 of the Dungeon)
 t - a +2 battleaxe of holy wrath
   (You took it off an orc warrior on level 5 of the Dungeon)
 y - a +0 spear of venom
   (You took it off a gnoll on level 8 of the Dungeon)
 z - a +3 spear
   (You took it off a gnoll on level 8 of the Dungeon)
Armour
 f - a +0 robe (worn)
 j - a +0 buckler (worn)
   (You found it on level 3 of the Dungeon)
 n - a +1 pair of gloves (worn)
   (You found it on level 3 of the Dungeon)
 o - a +0 cloak (worn)
   (You took it off Crazy Yiuf on level 3 of the Dungeon)
 v - a +0 shield
   (You found it on level 9 of the Dungeon)
Magical Staves
 b - an uncursed staff of air {rElec}
   (You found it on level 4 of the Dungeon)
 g - an uncursed staff of fire {rF+}
   (You found it on level 4 of the Dungeon)
 r - an uncursed staff of summoning {!a}
   (You found it on level 6 of the Dungeon)
Jewellery
 k - an uncursed ring of ice {rC+, rF-}
   (You found it on level 2 of the Dungeon)
 B - a ring of stealth (left hand) {Stlth+}
   (You found it on level 8 of the Dungeon)
Scrolls
 c - a scroll of enchant armour
 d - 6 scrolls of fog
 l - 7 scrolls of remove curse
 q - 3 scrolls of teleportation
 w - 2 scrolls of holy word {!r}
Potions
 e - a potion of might
 h - 4 potions of curing
 m - a potion of resistance
 s - 3 potions of brilliance
 u - 2 potions of flight
 A - a potion of degeneration {!q}
Comestibles
 i - 8 rations


   Skills:
 - Level 4.6 Fighting
 - Level 4.2 Staves
 - Level 1.5 Dodging
 + Level 13.0 Stealth
 - Level 2.6 Shields
 - Level 4.6 Spellcasting
 - Level 1.0 Conjurations
 * Level 13.7 Poison Magic
 - Level 1.0 Evocations


You had 3 spell levels left.
You knew the following spells:

 Your Spells              Type           Power        Failure   Level  Hunger
a - Sting                 Conj/Pois      ####         1%          1    None
b - Poisonous Vapours     Pois/Air       ####..       1%          2    #......
c - Olgreb's Toxic Radia  Pois           ######..     1%          4    ####...
d - Venom Bolt            Conj/Pois      ####......   19%         5    ######.
x - Mephitic Cloud        Conj/Pois/Air  ###.....     5%          3    ###....

Your spell library contained the following spells:

 Spells                   Type           Power        Failure   Level  Hunger
 Animate Skeleton         Necr           N/A          14%         1    None
 Apportation              Tloc           #.....       14%         1    None
 Confusing Touch          Hex            #.....       14%         1    None
 Corona                   Hex            #......      14%         1    None
 Summon Small Mammal      Summ           #...         14%         1    None
 Ensorcelled Hibernation  Hex/Ice        #.....       22%         2    #......
 Dazzling Spray           Conj/Hex       #.....       34%         3    ###....
 Confuse                  Hex            #.......     38%         3    ###....
 Tukima's Dance           Hex            #.......     38%         3    ###....
 Ice Form                 Ice/Tmut       #.......     80%         4    ####...
 Metabolic Englaciation   Hex/Ice        #.........   98%         5    ######.
 Bolt of Cold             Conj/Ice       #.........   100%        6    #######
 Freezing Cloud           Conj/Ice/Air   #.........   100%        6    #######
 Ozocubu's Refrigeration  Ice            #.........   100%        6    #######
 Simulacrum               Ice/Necr       #.........   100%        6    #######


Dungeon Overview and Level Annotations

Branches:
Dungeon (9/15)             Temple (1/1) D:5            Lair (0/6) D:8
    Orc: D:9-12

Altars:
Ashenzari
Cheibriados
Dithmenos
Elyvilon
Fedhas
Gozag
Hepliaklqana
Kikubaaqudgha
Makhleb
Nemelex Xobeh
Okawaru
Qazlal
Ru
Sif Muna
Trog
Uskayaw
Vehumet
Wu Jian
Xom
Yredelemnul
Zin
The Shining One
Lugonu

Shops:
D:4 [

Annotations:
D:7 exclusion: 4 wights
D:8 2 transporters


Innate Abilities, Weirdness & Mutations

You cannot wear boots.
Your serpentine skin is tough. (AC +3)
You have supernaturally acute eyesight. (SInv)
Armour fits poorly on your strangely shaped body.
Your system is resistant to poisons. (rPois)
You cover ground very slowly.
You have a slow metabolism.
You can spit poison.


Message History

Unknown command.
Unknown command.
Okay, then.
Aim: a two-headed ogre, wielding a +0 giant club and a +0 giant spiked club (noxious fumes, lightly wounded, confused)
The bolt of poison hits the two-headed ogre!
The two-headed ogre is poisoned.
You are near starving!
The two-headed ogre is engulfed in noxious fumes.
The two-headed ogre appears confused.
You now have 6/16 mp.
Unknown command.
Unknown command.
Unknown command.
Aim: a two-headed ogre, wielding a +0 giant club and a +0 giant spiked club (moderately wounded, poisoned, confused)
The bolt of poison hits the two-headed ogre!!
The two-headed ogre looks even sicker.
Your surroundings suddenly seem different.
You now have 1/16 mp.
Unknown command.
Unknown command.
You start resting.
You are starving!
You regained 8 hp, and now have 51/87 hp.
You regained 5 mp, and now have 6/16 mp.
Unknown command.
You eat one of the 9 rations.
That ration really hit the spot!
You start resting.
Health restored: 87; MP restored: 16 You open the door.
There is an open door here.
There is an open door here.
There is an open door here.
The two-headed ogre is too close now for your liking.
A two-headed ogre is nearby!
You can't see any susceptible monsters within range! (Use Z to cast anyway.)
Aim: a two-headed ogre, wielding a +0 giant club and a +0 giant spiked club (hasn't noticed you) Poisonous vapours surround the two-headed ogre!
The two-headed ogre shouts in stereo!
The two-headed ogre is engulfed in poison gas.
The two-headed ogre is poisoned.
You now have 14/16 mp.
Unknown command.
Aim: a two-headed ogre, wielding a +0 giant club and a +0 giant spiked club (lightly wounded, poisoned)
The ball explodes into a vile cloud!
The stinking cloud engulfs the two-headed ogre but does no damage.
The two-headed ogre is engulfed in noxious fumes.
The two-headed ogre appears confused.
The two-headed ogre gestures wildly.
Unknown command.
You now have 11/16 mp.
Unknown command.
Aim: a two-headed ogre, wielding a +0 giant club and a +0 giant spiked club (noxious fumes, lightly wounded, poisoned, confused)
The sting hits the two-headed ogre.
The two-headed ogre is engulfed in noxious fumes.
The two-headed ogre appears confused.
You now have 10/16 mp.
Unknown command.
You hit the two-headed ogre but do no damage.
The two-headed ogre hits you with a +0 giant club.
The two-headed ogre hits you with a +0 giant spiked club!
You take 12 damage, and have 75/87 hp.
You catch the helpless two-headed ogre completely off-guard!
You hit the two-headed ogre.
The two-headed ogre shouts, "YES!"
You hit the two-headed ogre but do no damage.
You catch the helpless two-headed ogre completely off-guard!
You puncture the two-headed ogre!
You feel better.
The two-headed ogre hits you with a +0 giant club!!
The two-headed ogre hits you with a +0 giant spiked club!
You take 23 damage, and have 52/87 hp.
MASSIVE DAMAGE!!
Unknown command.
Aim: a two-headed ogre, wielding a +0 giant club and a +0 giant spiked club (moderately wounded, poisoned, confused) Poisonous vapours surround the two-headed ogre!
The two-headed ogre looks more healthy.
The two-headed ogre is engulfed in poison gas.
The two-headed ogre is poisoned.
The two-headed ogre cries.
The two-headed ogre hits you with a +0 giant club!
The two-headed ogre hits you with a +0 giant spiked club!
You take 25 damage, and have 27/87 hp.
MASSIVE DAMAGE!!
You now have 9/16 mp.
Unknown command.
Okay, then.
Okay, then.
Okay, then.
You fade into invisibility!
The two-headed ogre hits you with a +0 giant club!!
* * * LOW HITPOINT WARNING * * *
You block the two-headed ogre's attack.
You are very lightly contaminated with residual magic.
You take 20 damage, and have 7/87 hp.
MASSIVE DAMAGE!!
Unknown command.
The two-headed ogre seems less confused.
The two-headed ogre closely misses you.
The two-headed ogre hits you with a +0 giant spiked club!!
You die...
Your body crumbles into a pile of gold.

#####.## #.# #..# #.# ###.####
#.# # #......### ..# #
#........## ##.#### ### #
###......#..# ........######.. #
##........##.##.........O...'..
###..#......##.O#........######..
#...##......###.@...$... #>.
'.####...(..# ###....... ### ###
######## ....... # #######


You could see a two-headed ogre.

Vanquished Creatures
  A two-headed ogre (D:9)
  Joseph (D:8)
  Prince Ribbit (D:8)
  3 hippogriffs
  A wyvern (D:9)
  3 orc warriors
  A water moccasin (D:7)
  2 ice beasts
  2 black bears
  4 sky beasts
  6 ogres
  An eye of draining (D:9)
  4 necrophages
  2 phantoms
  3 centaurs
  A bullfrog (D:9)
  A water moccasin skeleton (D:4)
  3 scorpions
  A centaur zombie (D:9)
  5 crimson imps
  7 hounds
  Crazy Yiuf (D:3)
  5 orc priests
  A bullfrog skeleton (D:5)
  2 centaur skeletons (D:4)
  Jessica (D:3)
  6 worker ants
  Ijyb (D:5)
  3 iguanas
  12 orc wizards
  3 hound skeletons
  11 gnolls
  8 adders
  5 shadow imps
  3 oozes
  An adder skeleton (D:4)
  6 worms
  3 dart slugs
  6 leopard geckos
  25 orcs
  11 giant cockroaches
  6 goblins
  7 hobgoblins
  18 jackals
  6 quokkas
  2 ball pythons
  9 bats
  8 frilled lizards
  A jackal skeleton (D:6)
  A jackal zombie (D:6)
  10 kobolds
  A quokka skeleton (D:8)
  A quokka zombie (D:5)
  6 rats
243 creatures vanquished.

Notes
Turn   | Place    | Note
-------+----------+-------------------------------------------
     0 | D:1      | Charmandara the Naga Venom Mage began the quest for the
                  | Orb.
     0 | D:1      | Reached XP level 1. HP: 15/15 MP: 3/3
    15 | D:1      | HP: 1/15 [kobold (4)]
   330 | D:1      | Reached XP level 2. HP: 22/22 MP: 3/5
   334 | D:1      | Learned a level 2 spell: Poisonous Vapours
   717 | D:1      | Reached skill level 4 in Stealth
   943 | D:1      | Reached XP level 3. HP: 28/28 MP: 3/6
   948 | D:1      | Learned a level 3 spell: Mephitic Cloud
  1138 | D:1      | Reached skill level 5 in Poison Magic
  1871 | D:2      | Reached skill level 5 in Stealth
  1877 | D:2      | Reached XP level 4. HP: 33/36 MP: 1/7
  2508 | D:2      | dragoon: u win
  2508 | D:2      | Charmandara: nope, died in pan after porting to a new floor
                  | in full LOS of hellion island with blurry vision
  2508 | D:2      | Charmandara: very sad death
  2781 | D:3      | Noticed Jessica
  2784 | D:3      | Killed Jessica
  2787 | D:3      | Reached XP level 5. HP: 35/42 MP: 4/9
  2948 | D:3      | Noticed a sky beast
  2960 | D:3      | HP: 13/63 [sky beast (5)]
  2965 | D:3      | Killed a sky beast
  2965 | D:3      | Reached skill level 6 in Stealth
  2965 | D:3      | Reached skill level 3 in Spellcasting
  2982 | D:3      | Learned a level 4 spell: Olgreb's Toxic Radiance
  3214 | D:3      | Reached XP level 6. HP: 49/49 MP: 8/11
  4000 | D:3      | Found a runed translucent door.
  4001 | D:3      | Noticed Crazy Yiuf
  4010 | D:3      | Killed Crazy Yiuf
  4115 | D:4      | dragoon: damn
  4145 | D:4      | Found Ighax's Armour Shoppe.
  4160 | D:4      | HP: 11/49 [water moccasin skeleton (8)]
  4163 | D:4      | Reached skill level 1 in Shields
  4163 | D:4      | Reached skill level 1 in Evocations
  4163 | D:4      | HP: 5/49 [jackal (1)]
  4166 | D:4      | HP: 2/49 [jackal (1)]
  4173 | D:4      | Noticed a phantom
  4411 | D:4      | Reached skill level 7 in Stealth
  4485 | D:4      | Reached skill level 2 in Shields
  4485 | D:4      | Reached XP level 7. HP: 55/55 MP: 7/12
  4697 | D:4      | Reached skill level 4 in Spellcasting
  4976 | D:4      | Reached skill level 6 in Poison Magic
  5115 | D:4      | Reached skill level 8 in Stealth
  5205 | D:5      | Entered Level 5 of the Dungeon
  5266 | D:5      | Noticed Ijyb
  5514 | D:5      | Learned a level 5 spell: Venom Bolt
  5555 | D:5      | Reached XP level 8. HP: 62/62 MP: 7/14
  5602 | D:5      | Found a glowing golden altar of the Shining One.
  5628 | D:5      | Reached skill level 1 in Staves
  5673 | D:5      | Reached skill level 7 in Poison Magic
  5714 | D:5      | Reached skill level 1 in Fighting
  5719 | D:5      | Reached skill level 2 in Staves
  5747 | D:5      | Killed Ijyb
  5935 | D:5      | Found a staircase to the Ecumenical Temple.
  5941 | Temple   | Entered the Ecumenical Temple
  6252 | Temple   | Became a worshipper of Gozag Ym Sagoz the Greedy
  6301 | D:5      | Reached skill level 3 in Staves
  6425 | D:5      | Reached skill level 2 in Fighting
  6425 | D:5      | Reached skill level 9 in Stealth
  6425 | D:5      | Reached skill level 8 in Poison Magic
  6593 | D:5      | dragoon: i need more drugs
  6630 | D:6      | Charmandara: lol me 2
  6677 | D:6      | Reached XP level 9. HP: 74/74 MP: 9/15
  6780 | D:6      | Reached skill level 4 in Staves
  7044 | D:6      | Reached skill level 9 in Poison Magic
  7089 | D:6      | Reached skill level 3 in Fighting
  7647 | D:7      | Reached skill level 10 in Stealth
  7845 | D:7      | Reached skill level 10 in Poison Magic
  8163 | D:7      | Reached skill level 4 in Fighting
  8755 | D:8      | Found a basalt altar of Yredelemnul.
  8755 | D:8      | Found a sacrificial altar of Ru.
  8755 | D:8      | Found a burning altar of Makhleb.
  8755 | D:8      | Found a bloodstained altar of Trog.
  8838 | D:8      | Found a corrupted altar of Lugonu.
  8838 | D:8      | Found a transporter.
  8840 | D:8      | Found a staircase to the Lair.
  8844 | D:8      | Noticed Prince Ribbit
  8861 | D:8      | Killed Prince Ribbit
  8861 | D:8      | Reached skill level 11 in Stealth
  8861 | D:8      | Reached skill level 11 in Poison Magic
  8861 | D:8      | Reached XP level 10. HP: 61/87 MP: 5/16
  9227 | D:8      | Noticed Joseph
  9274 | D:8      | Killed Joseph
  9280 | D:8      | Reached skill level 12 in Poison Magic
  9614 | D:8      | Found a transporter.
  9616 | D:8      | Noticed a cyan ugly thing
  9618 | D:8      | Noticed a white ugly thing
  9618 | D:8      | Noticed a white ugly thing
  9748 | D:9      | Noticed a two-headed ogre
  9761 | D:9      | Killed a two-headed ogre
  9761 | D:9      | Reached skill level 12 in Stealth
 10261 | D:9      | Reached skill level 13 in Poison Magic
 11025 | D:9      | Found Tinelius's Food Shop.
 11028 | D:9      | Bought a ration for 50 gold pieces
 11028 | D:9      | Bought a ration for 50 gold pieces
 11028 | D:9      | Bought a ration for 50 gold pieces
 11028 | D:9      | Bought a ration for 50 gold pieces
 11028 | D:9      | Bought a ration for 50 gold pieces
 11028 | D:9      | Bought a ration for 50 gold pieces
 11028 | D:9      | Bought a ration for 50 gold pieces
 11234 | D:9      | Reached skill level 13 in Stealth
 11275 | D:9      | Noticed a two-headed ogre
 11279 | D:9      | HP: 12/87 [two-headed ogre/+0 giant club (17)]
 11501 | D:9      | HP: 7/87 [two-headed ogre/+0 giant club (21)]
 11502 | D:9      | Demolished by a two-headed ogre

Levels and vault maps discovered:
D:1:      onia_arrival_pentagram, layout_basic
D:2:      layout_basic
D:3:      layout_basic, hangedman_decor_clover_reticule,
          uniq_crazy_yiuf_cottage, uniq_jessica
D:4:      layout_cave_pools, serial_shops, shop, first_ration, minmay_checkerbox
D:5:      layout_loops_cross, minmay_temple_entry_mini_moons, basic_altar,
          chequers_serial_rivers_small_a, uniq_ijyb
D:6:      minmay_diamond_boxcup, layout_rooms, nicolae_zen_rock_garden
D:7:      layout_loops_ring, serial_rivers, chequers_serial_rivers_marsh,
          chequers_serial_rivers_micro_d, chequers_serial_rivers_room_b,
          chequers_serial_rivers_micro_b, chequers_serial_rivers_micro_b,
          chequers_serial_rivers_micro_a
D:8:      gammafunk_corrupted_shrine, layout_gridville,
          chequers_temple_overflow_statue_of_worship, lair_entry_dummy,
          uniq_prince_ribbit1, uniq_joseph
D:9:      layout_roguey, serial_shops, kennysheep_mini_moat
Temple:   hc_temple_tempest_star

Skill      XL: |  1  2  3  4  5  6  7  8  9 10 |
---------------+-------------------------------+-----
Stealth        | 4 5 6 7 8 9 11 13 | 13.0
Poison Magic   | 5 6 8 11 13 | 13.7
Spellcasting   | 3 4 |  4.6
Shields        | 2 |  2.6
Evocations     | 1 |  1.0
Staves         | 3 4 |  4.2
Fighting       | 2 4 |  4.6
Dodging        | |  1.5
Conjurations   | |  1.0

Action                   |  1- 3 |  4- 6 |  7- 9 | 10-12 || total
-------------------------+-------+-------+-------+-------++-------
Melee: Dagger            |    33 |       |       |       ||    33
       Short sword       |    35 |   111 |    17 |       ||   163
       Spear             |       |       |   206 |   247 ||   453
       Quarterstaff      |       |       |    10 |       ||    10
 Cast: Sting             |    53 |    70 |    53 |     6 ||   182
       Poisonous Vapours |       |     9 |    38 |    16 ||    63
       Mephitic Cloud    |       |     3 |     4 |    11 ||    18
       Olgreb's Toxic Ra |       |       |     8 |     6 ||    14
       Venom Bolt        |       |       |       |     3 ||     3
 Abil: Spit Poison       |     3 |    13 |    14 |     1 ||    31
Evoke: Wand              |       |     4 |    41 |     8 ||    53
  Use: Potion            |       |     3 |     1 |     3 ||     7
       Scroll            |       |     5 |     6 |     5 ||    16
 Stab: Sleeping          |       |     3 |     3 |    13 ||    19
       Invisible         |       |     1 |       |       ||     1
       Confused          |       |       |     3 |     6 ||     9
       Distracted        |       |       |       |     1 ||     1
  Eat: Ration            |     1 |     1 |     3 |     3 ||     8
       Chunk             |       |     6 |     4 |       ||    10
Armor: Robe              |    17 |    63 |    58 |    66 ||   204
       Skin              |       |     8 |       |       ||     8
Dodge: Dodged            |    51 |    82 |    88 |    85 ||   306
Block: Buckler           |       |       |    37 |    37 ||    74

Levels and vault maps discovered:
D:1:      onia_arrival_pentagram, layout_basic
D:2:      layout_basic
D:3:      layout_basic, hangedman_decor_clover_reticule,
          uniq_crazy_yiuf_cottage, uniq_jessica
D:4:      layout_cave_pools, serial_shops, shop, first_ration, minmay_checkerbox
D:5:      layout_loops_cross, minmay_temple_entry_mini_moons, basic_altar,
          chequers_serial_rivers_small_a, uniq_ijyb
D:6:      minmay_diamond_boxcup, layout_rooms, nicolae_zen_rock_garden
D:7:      layout_loops_ring, serial_rivers, chequers_serial_rivers_marsh,
          chequers_serial_rivers_micro_d, chequers_serial_rivers_room_b,
          chequers_serial_rivers_micro_b, chequers_serial_rivers_micro_b,
          chequers_serial_rivers_micro_a
D:8:      gammafunk_corrupted_shrine, layout_gridville,
          chequers_temple_overflow_statue_of_worship, lair_entry_dummy,
          uniq_prince_ribbit1, uniq_joseph
D:9:      layout_roguey, serial_shops, kennysheep_mini_moat
Temple:   hc_temple_tempest_star

Table legend:
 A = Turns spent in this place as a percentage of turns spent in the entire game.
 B = Non-inter-level travel turns spent in this place as a percentage of non-inter-level travel turns spent in the entire game.
 C = Inter-level travel turns spent in this place as a percentage of turns spent in this place.
 D = Turns resting spent in this place as a percentage of non-inter-level travel turns spent in this place.
 E = Turns spent auto-exploring this place as a percentage of non-inter-level travel turns spent in this place.
 F = Non-inter-level travel turns spent in this place divided by the number of levels of this place that you've seen.
                   A       B       C       D       E      F
               +-------+-------+-------+-------+-------+----------------------
         Total | 100.0 | 100.0 |   2.6 |  40.9 |  40.4 | 1119.8
       Dungeon |  97.0 |  97.3 |   2.3 |  42.0 |  38.8 | 1211.2
        Temple |   3.0 |   2.7 |  12.6 |   0.0 |  98.0 | 297.0
               +-------+-------+-------+-------+-------+----------------------

Table legend:
 A = Kills in this place as a percentage of kills in entire the game.
 B = Kills by you in this place as a percentage of kills by you in the entire game.
 C = Kills by friends in this place as a percentage of kills by friends in the entire game.
 D = Other kills in this place as a percentage of other kills in the entire game.
 E = Experience gained in this place as a percentage of experience gained in the entire game.
 F = Experience gained in this place divided by the number of levels of this place that you have seen.
                   A       B       C       D       E      F
               +-------+-------+-------+-------+-------+----------------------
         Total | 100.0 | 100.0 |   N/A | 100.0 | 100.0 | 898.8
       Dungeon | 100.0 | 100.0 |   N/A | 100.0 | 100.0 | 998.7
               +-------+-------+-------+-------+-------+----------------------
